Map: Automaton LE

Players

drumhead - Winner!

  • Race: Terran Terran
  • League: Master
  • Spawn Location: 9:00

Nordy

  • Race: Protoss Protoss
  • League: Diamond
  • Spawn Location: 3:00

VOD

Have the link to the VOD?

Description

Time

  • Played on: Nov. 23, 2018, 4:34 p.m.
  • Length: 17:14
Show
View Real Time Build Order
Export as new Build Order

drumhead Terran - Winner!

Build Orders: Gas First Reaper Expand, Liberator Opening, Reaper Expand 

Get SALT Encoding   

  12  0:01  SCV  
  13  0:13  SCV  
  14  0:19  Supply Depot  
  14  0:25  SCV  
  15  0:30  Refinery  
  15  0:40  SCV  
  16  0:47  Barracks  
  16  0:52  SCV  
  17  1:05  SCV  
  18  1:17  SCV  
  19  1:33  Orbital Command  
  19  1:34  Reaper  
  20  1:46  Command Center  
  20  1:56  Factory  
  20  2:00  SCV  
  21  2:07  Barracks Reactor  
  21  2:10  Supply Depot  
  21  2:14  SCV  
  22  2:24  Refinery  
  22  2:26  SCV  
  23  2:38  SCV  
  24  2:48  Marine x2, Widow Mine  
  24  2:50  SCV  
  29  2:56  Starport  
  29  2:58  Orbital Command  
  29  3:02  SCV  
  30  3:07  Marine x2  
  32  3:14  SCV  
  32  3:17  Bunker, Widow Mine  
  35  3:26  SCV x2  
  37  3:38  SCV  
  40  3:41  Medivac, Widow Mine  
  40  3:45  SCV  
  43  3:50  SCV  
  43  3:54  Supply Depot  
  44  3:56  Supply Depot  
  44  3:57  Marine  
  44  3:58  Marine, Liberator  
  46  4:04  Barracks  
  46  4:09  Barracks  
  46  4:15  SCV x2  
  51  4:18  Factory Reactor  
  51  4:25  Marine x2  
  51  4:28  SCV x2  
  55  4:38  Engineering Bay  
  55  4:39  Supply Depot  
  55  4:40  SCV x2  
  55  4:42  Marine  
  58  4:52  Barracks Tech Lab, SCV x2  
  60  4:55  Barracks Tech Lab  
  60  5:04  SCV x2  
  60  5:13  Marine x2, Combat Shield  
  60  5:14  Marauder  
  62  5:15  Stimpack  
  62  5:16  Marine, SCV x2  
  62  5:17  Terran Infantry Weapons Level 1  
  61  5:30  Marine, SCV x2  
  61  5:33  Widow Mine x2  
  61  5:34  Marauder  
  70  5:36  Refinery x2  
  70  5:41  Supply Depot  
  70  5:42  Supply Depot  
  70  5:43  SCV x2, Marauder, Supply Depot  
  70  5:48  Medivac  
  76  5:54  Marine x2  
  78  5:58  SCV  
  78  6:03  SCV, Marauder, Widow Mine  
  83  6:11  Marine  
  83  6:13  Command Center  
  83  6:16  Marine x2  
  83  6:19  Medivac  
  83  6:21  SCV  
  83  6:25  Marauder  
  88  6:29  SCV  
  88  6:30  Marauder  
  91  6:33  Marine, SCV  
  91  6:34  Marine  
  98  6:40  Widow Mine x2  
  98  6:43  Concussive Shells  
  98  6:46  SCV, Marauder  
  101  6:51  Marine  
  102  6:57  Starport Reactor  
  102  7:05  Supply Depot  
  102  7:06  Supply Depot  
  102  7:11  Terran Infantry Armor Level 1  
  102  7:17  Barracks  
  102  7:19  Barracks  
  102  7:25  Marine x2, Marauder x2, Widow Mine x2  
  102  7:29  Supply Depot  
  107  7:42  Marine x2  
  100  7:47  Marauder x2  
  94  7:58  Orbital Command  
  94  8:00  Marine x2, Medivac x2  
  94  8:01  Widow Mine x2  
  94  8:02  SCV  
  105  8:08  Barracks Tech Lab x2, Marauder x2  
  105  8:09  Factory  
  109  8:18  Marine x2, Orbital Command  
  109  8:19  Engineering Bay  
  111  8:21  Armory  
  111  8:26  Missile Turret x2  
  111  8:29  Missile Turret, Marauder x2  
  111  8:31  Marauder x2  
  119  8:36  Marine  
  120  8:43  Marine  
  120  8:45  Medivac x2  
  125  8:51  Marauder x2  
  125  8:52  Marine, Marauder  
  125  8:53  Widow Mine  
  125  8:54  Marine, Factory Tech Lab  
  135  8:56  SCV  
  135  8:58  SCV  
  135  9:01  Marine  
  138  9:05  Supply Depot  
  138  9:06  Supply Depot  
  138  9:10  Marauder  
  141  9:24  Marauder  
  132  9:31  Marine x2  
  132  9:32  Marauder x3  
  140  9:40  Liberator x2  
  121  9:53  Marine x2  
  121  9:54  Marauder x2  
  121  9:55  Drilling Claws  
  121  9:57  Widow Mine x2  
  121  9:59  Marine x2  
  139  10:06  Barracks, Widow Mine  
  139  10:08  Barracks  
  139  10:11  Marine x2  
  141  10:15  Marauder x2  
  141  10:17  Marauder  
  142  10:25  Marine  
  135  10:28  Marine  
  130  10:36  Marine x2, Marauder  
  130  10:38  Marine  
  133  10:43  Liberator, SCV x2  
  133  10:44  Terran Infantry Weapons Level 2, Marauder  
  133  10:45  Terran Infantry Armor Level 2  
  133  10:46  Marine  
  136  10:53  SCV  
  136  10:54  Marine  
  136  10:55  SCV, Marauder  
  136  10:56  Marine  
  136  10:57  Widow Mine x3  
  148  10:58  Marauder  
  153  11:04  Marine  
  153  11:05  Marine  
  153  11:07  Barracks  
  153  11:09  Command Center  
  153  11:10  Barracks  
  155  11:14  Marauder  
  157  11:29  Marine  
  157  11:30  Marine  
  156  11:35  Marauder  
  156  11:38  Marauder  
  157  11:42  Marine  
  157  11:44  Marine  
  126  11:47  Marine  
  124  11:56  Marauder  
  120  12:07  Liberator x2  
  102  12:11  Marine  
  102  12:12  Marauder  
  92  12:16  Marine  
  92  12:17  Marauder  
  92  12:18  Marine x2  
  87  12:24  Widow Mine x3  
  87  12:29  Marine  
  89  12:33  Marauder  
  89  12:34  Marine  
  89  12:37  Marine, Marauder x2  
  92  12:39  Barracks Tech Lab x2  
  90  12:46  Widow Mine  
  90  12:47  Marine  
  86  12:52  Marine  
  86  12:55  Marauder  
  86  12:56  Marauder  
  86  12:57  Marine  
  87  12:58  Marauder  
  87  13:05  Marine  
  86  13:09  Marine  
  87  13:14  Medivac x2  
  87  13:15  Widow Mine  
  87  13:16  Marauder x2  
  87  13:17  Marine  
  87  13:19  Marauder  
  97  13:22  Marine  
  98  13:27  Marine  
  95  13:35  Marauder  
  95  13:37  Marine, Marauder  
  95  13:41  Marauder  
  91  13:46  Marine x2  
  81  13:54  Marauder x2  
  87  13:55  Marauder  
  87  13:56  Orbital Command, Marauder  
  87  13:58  Marauder  
  87  14:02  Marine  
  91  14:04  Marine x2  
  93  14:15  Marauder  
  85  14:17  Marauder  
  85  14:18  Marauder  
  85  14:20  Marine x2, Marauder  
  85  14:21  Marine  
  85  14:22  Marine, Widow Mine x2  
  91  14:35  Widow Mine  
  91  14:36  Marine  
  91  14:38  Marine, Marauder x2  
  91  14:39  Marine x2  
  91  14:40  Marine, SCV  
  91  14:41  Marine  
  91  14:43  Widow Mine  
  88  14:54  Marauder  
  88  14:55  Marine  
  88  14:56  Marine  
  88  14:57  Marine x2  
  88  14:59  Marine x2, Marauder  
  87  15:10  SCV  
  87  15:13  Marine, SCV  
  90  15:14  Marine  
  90  15:15  Marine x3  
  90  15:17  Marine  
  95  15:22  SCV  
  96  15:29  Marine, Orbital Command  
  96  15:30  Marine, Medivac  
  96  15:32  Marauder  
  96  15:34  SCV  
  103  15:42  Marine  
  103  15:43  Marine, Marauder  
  103  15:44  Marauder, Widow Mine x2  
  113  15:59  Marine, Marauder  
  113  16:00  Marine  
  113  16:01  Marauder  
  119  16:04  Medivac  
  119  16:05  Widow Mine  
  119  16:06  Widow Mine  
  125  16:32  Marine x2  
  126  16:33  Marauder x3  
  133  16:43  Marine  
  133  16:44  Marine, Marauder  
Show
View Real Time Build Order
Export as new Build Order

Nordy Protoss 

Build Orders: 1 Gate Expand, Blink Stalkers, Zealot Archon 

Get SALT Encoding   

  12  0:00  Probe  
  13  0:13  Probe  
  14  0:18  Pylon  
  14  0:25  Probe  
  15  0:34  Probe  
  15  0:38  Gateway  
  15  0:42  Probe  
  16  0:48  Assimilator  
  17  0:51  Probe  
  18  1:03  Probe  
  19  1:15  Probe  
  20  1:27  Nexus  
  20  1:38  Cybernetics Core  
  20  1:43  Probe  
  20  1:46  Assimilator  
  21  1:53  Pylon  
  21  1:56  Probe  
  22  2:05  Adept  
  22  2:08  Probe  
  25  2:19  Twilight Council  
  25  2:21  Probe  
  26  2:28  Warp Gate  
  26  2:32  Stalker  
  28  2:43  Probe  
  28  2:44  Probe  
  28  2:51  Blink, Probe  
  30  2:52  Probe  
  30  2:56  Gateway  
  32  3:00  Probe  
  32  3:02  Probe  
  34  3:18  Stalker  
  36  3:21  Probe  
  36  3:23  Probe  
  37  3:40  Probe x2  
  37  3:46  Stalker  
  39  3:52  Probe x2  
  39  3:55  Pylon  
  41  3:56  Robotics Facility  
  41  4:01  Pylon  
  41  4:04  Probe x2  
  43  4:16  Probe x2  
  45  4:18  Gateway  
  45  4:19  Gateway  
  45  4:30  Assimilator  
  45  4:31  Stalker  
  47  4:33  Stalker  
  47  4:34  Assimilator  
  49  4:39  Probe x2  
  49  4:44  Observer  
  52  4:51  Pylon, Probe x2  
  54  4:55  Stalker  
  54  4:58  Stalker  
  58  5:06  Probe x2  
  52  5:15  Probe  
  52  5:16  Probe  
  54  5:23  Probe  
  54  5:24  Probe  
  55  5:32  Charge, Probe  
  55  5:33  Probe  
  58  5:43  Pylon  
  58  5:45  Probe x2  
  59  5:52  Pylon  
  59  5:54  Pylon  
  59  5:59  Gateway  
  59  6:00  Gateway  
  54  6:15  Probe x2  
  54  6:19  Nexus  
  54  6:22  Pylon  
  54  6:23  Probe x2  
  54  6:25  Pylon  
  54  6:31  Probe x2  
  56  6:38  Zealot  
  56  6:39  Templar Archives  
  60  6:41  Zealot  
  60  6:42  Probe x2  
  64  6:53  Observer  
  65  6:55  Zealot  
  65  6:56  Zealot x2  
  65  6:57  Probe  
  65  6:58  Probe  
  73  7:06  Psionic Storm  
  73  7:12  Zealot  
  73  7:13  Zealot x2  
  79  7:19  High Templar x2  
  83  7:25  Archon  
  82  7:34  Zealot x4  
  54  7:53  Zealot x2  
  58  7:59  Probe x2  
  58  8:00  Probe  
  58  8:04  Pylon  
  61  8:06  Pylon  
  61  8:08  Pylon  
  61  8:12  High Templar x3  
  67  8:14  High Templar  
  67  8:17  Gateway  
  67  8:19  Gateway  
  69  8:25  Stalker x2, Gateway  
  73  8:34  Pylon  
  73  8:37  Gateway  
  73  8:39  Gateway  
  73  8:41  Gateway  
  73  8:48  High Templar x6  
  79  8:49  Probe x2  
  79  8:50  Probe  
  88  8:58  Probe x2  
  88  8:59  Probe  
  90  9:06  Probe  
  90  9:07  Probe x2  
  90  9:09  Forge  
  91  9:12  Forge  
  94  9:29  Zealot x5  
  94  9:30  Zealot x2  
  108  9:34  Archon  
  108  9:39  High Templar x2  
  108  9:41  Zealot x3  
  102  9:52  Zealot x4  
  102  9:53  Zealot  
  102  9:56  Warp Prism  
  108  10:12  Zealot x2  
  108  10:13  Zealot x4  
  120  10:17  Zealot  
  120  10:18  Zealot  
  119  10:27  Zealot x3  
  105  10:45  High Templar x6  
  105  10:47  Zealot x3  
  105  10:48  Zealot  
  105  10:49  Archon x3  
  123  10:55  Probe x3  
  126  11:00  Assimilator  
  126  11:05  Assimilator  
  126  11:10  Stalker x3  
  132  11:15  Stalker  
  134  11:25  Zealot x4  
  142  11:39  Zealot x5  
  129  11:40  Observer, Zealot  
  117  11:51  Zealot x4  
  117  11:52  Zealot  
  127  11:59  Observer  
  114  12:06  Zealot  
  114  12:07  Zealot x4  
  114  12:08  Zealot  
  88  12:18  Zealot  
  88  12:20  Zealot  
  88  12:22  Zealot x4  
  86  12:34  Zealot  
  86  12:35  Zealot x4  
  92  12:44  High Templar x2  
  92  12:45  High Templar x4  
  94  13:01  Zealot x2  
  94  13:02  Zealot x4  
  106  13:20  Stalker x5  
  106  13:21  Stalker x2  
  88  13:42  Archon  
  88  13:43  Archon  
  88  13:45  Zealot x3  
  88  13:46  Zealot x4  
  88  13:47  Zealot x2  
  92  13:54  High Templar x3  
  94  14:05  Probe x3  
  94  14:08  Zealot x5  
  91  14:19  Zealot  
  91  14:20  Zealot x3  
  99  14:30  Zealot x3  
  99  14:31  Zealot  
  93  14:43  Zealot x5  
  83  14:53  Zealot x3  
  83  14:54  Zealot  
  69  15:18  Forge x2  
  69  15:30  High Templar x5  
  69  15:31  High Templar x2  
  69  15:33  High Templar  
  69  15:34  Nexus  
  69  15:35  Pylon, Archon  
  85  15:36  Archon  
  85  15:37  Pylon  
  85  15:38  Zealot  
  85  16:09  Nexus  
  85  16:10  Pylon  
  85  16:17  Zealot  
  87  16:27  Zealot x2  
  89  16:49  Zealot x4  
  89  16:50  Zealot  
  71  17:03  Zealot  
  71  17:04  Zealot x4  
  71  17:05  Zealot  
Tags
 
Add a new tag
Caveats
  • Supply blocks, unpowered buildings, or Contaminate may cause inaccurate times.
  • Supply counts are checked every 10 seconds.